 Dungeon Crawl Stone Soup version 0.27.0-1-g7a089689b8 (webtiles) character file.

Game seed: 17002030342763480582

90 shadowrider38 the Chopper (level 4, -3/40 HPs)
             Began as a Minotaur Berserker on July 31, 2021.
             Was a Believer of Trog.
             Slain by Sigmund (4 damage)
             ... on level 3 of the Dungeon.
             The game lasted 00:03:54 (1785 turns).

shadowrider38 the Chopper (Minotaur Berserker)      Turns: 1785, Time: 00:03:54

Health: -3/40      AC: 10    Str: 23    XL:     4   Next: 32%
Magic:  3/3        EV:  8    Int:  4    God:    Trog [**....]
Gold:   139        SH:  0    Dex:  9    Spells: 3/3 levels left

rFire    . . .     SeeInvis .   a - +0 hand axe
rCold    . . .     Faith    .   (no shield)
rNeg     . . .     Spirit   .   i - +0 chain mail
rPois    .         Reflect  .   (helmet restricted)
rElec    .         Harm     .   c - +0 cloak
rCorr    .         Rampage  .   (no gloves)
Will     .....                  (no boots)
Stlth    ..........             (no amulet)
HPRegen  0.13/turn              (no ring)
MPRegen  0.08/turn              (no ring)

@: on berserk cooldown, slowed, very slow
A: horns 2, retaliatory headbutt
a: Renounce Religion, Berserk, Trog's Hand


You were on level 3 of the Dungeon.
You worshipped Trog.
Trog was pleased with you.
You visited 1 branch of the dungeon, and saw 3 of its levels.

You collected 139 gold pieces.

Inventory:

Hand Weapons
 a - a +0 hand axe (weapon)
Armour
 b - a +2 robe of willpower
 c - a +0 cloak (worn)
 i - a +0 chain mail (worn)
Scrolls
 f - 2 scrolls of immolation {unknown}
 g - a scroll of amnesia {unknown}
 h - a scroll of acquirement {unknown}
 k - a scroll of noise {unknown}
 l - a scroll of torment {unknown}
 m - a scroll of identify {unknown}
Potions
 d - a potion of magic {unknown}
 e - 3 potions of curing {unknown}
 j - 2 potions of heal wounds {unknown}


   Skills:
 - Level 3.9 Fighting
 + Level 6.0 Axes
 - Level 2.5 Armour
 - Level 2.2 Dodging


You had 3 spell levels left.
You didn't know any spells.
Your spell library was empty.

Dungeon Overview and Level Annotations

Branches:
Dungeon (3/15)

Altars:

Shops:
D:2 [(?:*

Annotations:
D:3 Sigmund


Innate Abilities, Weirdness & Mutations

You have a pair of horns on your head.
You reflexively headbutt those who attack you in melee.


Message History

You feel yourself slow down. Sigmund hits you but does no damage.
You slash Sigmund!
Sigmund is moderately wounded.
Sigmund barely misses you.
You hit Sigmund.
Sigmund is moderately wounded.
Sigmund hits you with a +0 scythe. x2
You miss Sigmund. Your headbutt misses Sigmund.
Sigmund is moderately wounded.
Sigmund hits you with a +0 scythe!
You hit Sigmund.
Sigmund is heavily wounded.
You feel less confused.
Sigmund points at you and mumbles some strange words.
The magic dart hits you! Sigmund barely misses you.
You closely miss Sigmund. You headbutt Sigmund.
Sigmund is severely wounded.
Sigmund barely misses you.
You barely miss Sigmund.
Sigmund is severely wounded.
Sigmund hits you but does no damage. Sigmund hits you with a +0 scythe.
You barely miss Sigmund.
Sigmund is severely wounded.
Sigmund barely misses you.
You barely miss Sigmund. Your headbutt misses Sigmund.
Sigmund is severely wounded.
Sigmund hits you but does no damage.
Sigmund casts a spell.
Sigmund flickers and vanishes!
Deactivating autopickup; reactivate with Ctrl-A.
You completely miss something. Your headbutt misses something.
Something hits you.
* * * LOW HITPOINT WARNING * * *
You miss something. Something hits you but does no damage.
You hear some strange, mumbled words.
A magic dart appears from out of thin air!
The magic dart hits you!
* * * LOW HITPOINT WARNING * * *
You miss something. Something hits you.
You die...

###........#
.......[...#
.......<...#
...........#
.....###...# .!.#...
.#$# .. # #.@.#.# .
#..#.#####
#.....{@.#####..
###.#.###.......#
..........##########
###.#.###..........#
# ####.......#
######.......######
....................
.#[................
...............###


There were no monsters in sight!

Vanquished Creatures
  Jessica (D:2)
  An adder (D:2)
  2 dart slugs
  An orc (D:3)
  5 ball pythons
  3 endoplasms
  2 giant cockroaches (D:1)
  6 goblins
  8 hobgoblins
  4 jackals
  2 kobolds
  3 bats
  2 frilled lizards (D:1)
  5 rats (D:1)
45 creatures vanquished.

Notes
Turn   | Place    | Note
-------+----------+-------------------------------------------
     0 | D:1      | shadowrider38 the Minotaur Berserker began the quest for
                  | the Orb.
     0 | D:1      | Reached XP level 1. HP: 19/19 MP: 0/0
   180 | D:1      | Reached XP level 2. HP: 26/27 MP: 1/1
   217 | D:1      | Reached skill level 4 in Axes
   359 | D:1      | Found a faded altar of an unknown god.
   461 | D:1      | Reached ** piety under Trog
   487 | D:1      | Reached XP level 3. HP: 30/33 MP: 2/2
   795 | D:1      | Reached skill level 5 in Axes
  1074 | D:2      | Noticed Jessica
  1102 | D:2      | Found Ofaxzer's Magic Scroll Shop.
  1105 | D:2      | Killed Jessica
  1106 | D:2      | Reached XP level 4. HP: 36/40 MP: 3/3
  1235 | D:2      | Found Qinya's Book Emporium.
  1278 | D:2      | Found Iclat's Antique Weapon Emporium.
  1288 | D:2      | Found Neopp's Armour Boutique.
  1457 | D:2      | Found Boppuam's Assorted Antiques.
  1695 | D:3      | Reached skill level 6 in Axes
  1766 | D:3      | Noticed Sigmund
  1784 | D:3      | HP: 1/40 [something/magic dart (11)]
  1785 | D:3      | Slain by Sigmund

Illustrated notes

Levels and vault maps discovered:
D:1:      saegor_arrival_simple_a, layout_basic,
          hellmonk_ecumenical_altar_lost_god
D:2:      layout_rooms, serial_shops, nicolae_shop_statue_plus,
          nicolae_diamond_shop, shop, shop_statue, nicolae_shop_window_shopping,
          chequers_serial_rivers_large_a, kennysheep_generic_room_8,
          uniq_jessica
D:3:      layout_rooms, hangedman_ru_absence,
          gammafunk_temple_overflow_elements, uniq_sigmund

Skill      XL: |  1  2  3  4 |
---------------+-------------+-----
Axes           | 4 5 6 |  6.0
Fighting       | |  3.9
Armour         | |  2.5
Dodging        | |  2.2

Action                   |  1- 3 |  4- 6 || total
-------------------------+-------+-------++-------
Melee: Hand axe          |    57 |    33 ||    90
       Headbutt          |     9 |     1 ||    10
Invok: Berserk           |     1 |     1 ||     2
Armor: Animal skin       |    10 |       ||    10
       Chain mail        |     1 |    17 ||    18
Dodge: Dodged            |    34 |    20 ||    54
